 Dungeon Crawl Stone Soup version 0.28-a0-863-g8cecda6153 (webtiles) character file.

Game seed: 17308026861040746555

337 siradein the Skirmisher (level 6, -3/48 HPs)
             Began as a Demonspawn Chaos Knight on Nov 19, 2021.
             Was a Plaything of Xom.
             Slain by a hound (7 damage)
             ... on level 6 of the Dungeon.
             The game lasted 00:07:22 (3290 turns).

siradein the Skirmisher (Demonspawn Chaos Knight)   Turns: 3290, Time: 00:07:23

Health: -3/48      AC:  7    Str: 13 (14) XL:     6   Next: 28%
Magic:  6/6        EV: 11    Int: 12 (13) God:    Xom [....*.]
Gold:   110        SH:  3    Dex: 11 (13) Spells: 5/5 levels left

rFire   . . .      SeeInvis +   a - +0 spear (chaos)
rCold   . . .      Faith    .   d - +0 buckler
rNeg    . . .      Spirit   .   b - +2 leather armour
rPois   .          Reflect  .   (no helmet)
rElec   .          Harm     .   m - +0 cloak
rCorr   .          Rampage  .   (no gloves)
Will    .....                   (no boots)
Stlth   +.........              (no amulet)
HPRegen 0.16/turn               g - ring of see invisible
MPRegen 0.10/turn               (no ring)

@: no status effects
A: ignite blood 1, sharp scales 1
a: Renounce Religion


You were on level 6 of the Dungeon.
You worshipped Xom.
You were a beloved toy of Xom.
You visited 1 branch of the dungeon, and saw 5 of its levels.

You collected 110 gold pieces.

Inventory:

Hand Weapons
 a - a +0 spear of chaos (weapon)
Missiles
 c - 14 poisoned darts (quivered)
Armour
 b - a +2 leather armour (worn)
 d - a +0 buckler (worn)
 m - a +0 cloak (worn)
Jewellery
 g - a ring of see invisible (left hand)
Wands
 n - a wand of charming (10)
Scrolls
 k - a scroll of fear
Potions
 h - a potion of magic
 j - a potion of attraction


   Skills:
 + Level 4.3 Fighting
 + Level 3.9 Polearms
 + Level 3.2 Armour
 + Level 2.8 Dodging
 * Level 1.0 Shields


You had 5 spell levels left.
You didn't know any spells.
Your spell library contained the following spells:

 Spells                   Type           Power      Damage    Failure   Level
 Freeze                   Ice            0%         1d3       52%         1
 Conjure Flame            Conj/Fire      0%         6-21      88%         3
 Frozen Ramparts          Ice            0%         1d2       88%         3
 Gell's Gravitas          Tloc           0%         N/A       88%         3
 Ignite Poison            Fire/Tmut/Pois 0%         N/A       88%         3
 Teleport Other           Tloc           0%         N/A       88%         3
 Hailstorm                Conj/Ice       0%         3d3       99%         4
 Sticky Flame             Conj/Fire      0%         2d3       99%         4
 Dispersal                Tloc           0%         N/A       100%        6


Dungeon Overview and Level Annotations

Branches:
Dungeon (4/15)
 Temple: D:4-7

Altars:
Elyvilon

Shops:
D:2 *


Innate Abilities, Weirdness & Mutations

Your demonic aura sometimes causes spilled blood to erupt in flames.
You are partially covered in razor-sharp scales. (AC +1, Slay +1)


Message History

Throw: 15 darts (poison)
Press: ? - help, Q - select action, (/) - cycle Shift-Dir - straight line, f/p - two-headed ogre
Aim: a two-headed ogre, wielding a +0 giant spiked club and a +0 giant club (lightly wounded, softly glowing, 93% to hit)
You throw a poisoned dart.
The poisoned dart hits the two-headed ogre.
The two-headed ogre is poisoned.
The two-headed ogre is lightly wounded.
You hit the two-headed ogre.
The two-headed ogre suddenly seems more agile.
The two-headed ogre is lightly wounded.
The hound pauses to sniff the ground.
The two-headed ogre hits you with a +0 giant spiked club!!
* * * LOW HITPOINT WARNING * * *
The two-headed ogre misses you.
The hound stops to sniff the ground.
The hound barely misses you.
The two-headed ogre stops glowing.
The hound closely misses you.
The two-headed ogre looks more healthy.
You block the hound's attack.
Things that are here:
a +0 trident; a +0 ring mail
Things that are here:
a +0 dagger; a +0 robe The hound closely misses you.
Things that are here:
a +0 whip; a +0 leather armour; an orc skeleton The hound bites you but does no damage.
The hound bites you.
* * * LOW HITPOINT WARNING * * *
You hit the hound.
The hound goes berserk!
The hound is almost dead.
The hound bites you.
* * * LOW HITPOINT WARNING * * *
The hound bites you but does no damage.
The hound seems less drained.
The hound barely misses you. The hound closely misses you. The hound bites you!
You die...
Xom giggles madly!

#..# #.#
#..########.########..#
#.....................###
#..##..##.####.######....
##.##.###.# #...........
#.###)##.# #.#
######.##### #...))##..
..# #.#####
#####)#############
#......
#....Oh@.>....####.#####
#..................#
###########...######
#####


You could see a two-headed ogre (agile) and a hound (berserk, invisible).

Vanquished Creatures
  A black bear (D:6)
  A scorpion (D:6)
  An iguana (D:6)
  An orc wizard (D:6)
  5 adders
  A howler monkey skeleton (D:3)
  2 adder zombies (D:3)
  2 adder skeletons (D:3)
  A worm (D:2)
  A dart slug (D:3)
  8 orcs
  2 ball pythons
  4 endoplasms
  A giant cockroach (D:3)
  3 goblins
  7 hobgoblins
  A quokka (D:1)
  7 bats
  3 frilled lizards
  A giant cockroach zombie (D:3)
  6 kobolds
  2 rats
61 creatures vanquished.

Notes
Turn   | Place    | Note
-------+----------+-------------------------------------------
     0 | D:1      | siradein the Demonspawn Chaos Knight began the quest for
                  | the Orb.
     0 | D:1      | Reached XP level 1. HP: 18/18 MP: 1/1
    38 | D:1      | Reached skill level 1 in Dodging
   226 | D:1      | XOM: silly message
   230 | D:1      | Gained mutation: Your demonic aura sometimes causes spilled
                  | blood to erupt in flames. [demonic ancestry]
   230 | D:1      | Reached XP level 2. HP: 24/24 MP: 2/2
   661 | D:1      | XOM: 6-stop teleportation journey
   869 | D:1      | XOM: noise
  1115 | D:2      | XOM: cloud trail
  1120 | D:2      | Found Irauhoor's General Store.
  1122 | D:2      | Reached XP level 3. HP: 29/29 MP: 3/3
  1191 | D:2      | XOM: confuse monster(s)
  1393 | D:2      | Found a faded altar of an unknown god.
  1717 | D:2      | XOM: cloud trail
  1782 | D:3      | Reached XP level 4. HP: 36/36 MP: 4/4
  1795 | D:3      | XOM: god gift: hand axe {god gift}
  1924 | D:3      | XOM: silly message
  2570 | D:3      | XOM: 2-stop teleportation journey
  2893 | D:4      | Noticed a phantom
  2900 | D:4      | You fall into a shaft and drop 2 floors!
  2902 | D:6      | Noticed a black bear
  2904 | D:6      | XOM: stat loss: -1 Dex (11/12)
  2924 | D:6      | XOM: potion effect (invisibility)
  2926 | D:6      | Killed a black bear
  2927 | D:6      | Reached skill level 4 in Fighting
  2927 | D:6      | Gained mutation: You are partially covered in razor-sharp
                  | scales. (AC +1, Slay +1) [demonic ancestry]
  2927 | D:6      | Reached XP level 5. HP: 15/42 MP: 5/5
  2994 | D:6      | XOM: cloud trail
  3194 | D:6      | Reached XP level 6. HP: 39/48 MP: 6/6
  3255 | D:6      | Noticed a two-headed ogre
  3256 | D:6      | XOM: god gift: barding {god gift}
  3262 | D:6      | Reached skill level 1 in Shields
  3269 | D:6      | XOM: fake destruction
  3290 | D:6      | Slain by a hound

Illustrated notes

Levels and vault maps discovered:
D:1:      minmay_arrival_loop, layout_basic, moated_statue
D:2:      layout_rooms, ebering_ecumenical_altar_mist, serial_shops,
          nicolae_shop_advertising_works [nicolae_subvault_shop_adworks]
D:3:      layout_loops_ring, overflow_temple_1_default, serial_undead,
          serial_undead_c, serial_undead_f, serial_undead_f, serial_undead_d,
          serial_undead_d, serial_undead_c, kennysheep_boxes
D:4:      layout_loops_cross, nicolae_uskayaw_suspiria, uniq_crazy_yiuf_cottage
D:6:      layout_loops_ring, kennysheep_mini_moat, minitemple, minmay_pentangle

Skill      XL: |  1  2  3  4  5  6 |
---------------+-------------------+-----
Dodging        | 1 2 |  2.8
Armour         | 2 3 |  3.2
Polearms       | 3 |  3.9
Fighting       | 4 |  4.3
Shields        | 1 |  1.0

Action                   |  1- 3 |  4- 6 || total
-------------------------+-------+-------++-------
Melee: Spear             |   127 |   130 ||   257
Throw: Dart              |       |     2 ||     2
  Use: Potion            |       |     5 ||     5
       Scroll            |       |     5 ||     5
 Stab: Sleeping          |     2 |     1 ||     3
       Paralysed         |       |     4 ||     4
       Distracted        |       |     1 ||     1
Armor: Leather armour    |    32 |    41 ||    73
Dodge: Dodged            |    45 |    89 ||   134
Block: Buckler           |       |     3 ||     3

Table legend: (Time is in decaauts)
 A = Elapsed time spent in this place.
 B = Non-inter-level travel time spent in this place.
 C = Inter-level travel time spent in this place.
 D = Time resting spent in this place.
 E = Time spent auto-exploring this place.
 F = Levels seen in this place.
 G = Mean time per level.
                   A        B        C        D        E       F      G
               +--------+--------+--------+--------+--------+-----+--------+
         Total |   3282 |   3189 |     93 |      0 |   2677 |   5 |  656.4 |
       Dungeon |   3282 |   3189 |     93 |      0 |   2677 |   5 |  656.4 |
               +--------+--------+--------+--------+--------+-----+--------+

Top non-repeatable levels by time:
     D:3: 1098 daAuts
     D:1: 984 daAuts
     D:2: 785 daAuts
     D:6: 388 daAuts
     D:4: 25 daAuts
